cohdb
Replays
Latest Replays
All Replays
Popular Replays
Top Player Replays
Match Explorer
How It Works
Community
CoH3 Stats
Reddit
Sign in to upload your games and track your stats! →
Sign in with Steam
Match 46494110
Unlisted
Match 46494110
Overview
Messages
Build Orders
End
Kradschützen Motorcycle Team
Selects Italian Combined Arms Battlegroup
Selects Bersaglieri Squad
Bersaglieri Squad
Bersaglieri Squad
Bersaglieri Squad
Selects Bersaglieri Bolster
Construct Light Support Kompanie
2.5-tonne Medical Truck
Construct Mechanized Kompanie
Selects Breda Model 30 Light Machine Guns
Support Armor Elements
StuG III D Assault Gun
254 Reconnaissance Tractor
Selects Semovente da 75/18 Assault Gun
Construct Panzerarmee Kommand
Pak 38 Anti-tank Gun Team
Armored Reserves
Stormless
Grunka Lunka
Nikname2303
Позорньій Мьіш
0
0
Comments
sign in to comment!
No comments posted yet!